 Dungeon Crawl Stone Soup version 0.27-a0-1312-g5cdb2b3542 (webtiles) character file.

Game seed: 17015631941528230360

418 Gwenloh the Chopper (level 6, -6/56 HPs)
             Began as a Minotaur Gladiator on June 19, 2021.
             Was a Believer of Uskayaw.
             Killed from afar by a steam dragon (19 damage)
             ... with a ball of steam
             ... on level 4 of the Dungeon.
             The game lasted 00:06:36 (2744 turns).

Gwenloh the Chopper (Minotaur Gladiator)            Turns: 2744, Time: 00:06:36

Health: -6/56      AC:  5    Str: 18    XL:     6   Next: 61%
Magic:  6/6        EV: 12    Int:  5    God:    Uskayaw [**....]
Gold:   176        SH:  0    Dex: 14    Spells: 5/5 levels left

rFire    . . .     SeeInvis .   a - +0 war axe
rCold    . . .     Faith    .   (no shield)
rNeg     . . .     Spirit   .   s - +0 ring mail
rPois    .         Reflect  .   c - +0 hat
rElec    .         Harm     .   (no cloak)
rCorr    .         Rampage  .   (no gloves)
Will     .....                  (no boots)
Stlth    +.........             (no amulet)
HPRegen  0.18/turn              (no ring)
MPRegen  0.10/turn              (no ring)

@: no status effects
A: horns 2, retaliatory headbutt
a: Renounce Religion, Stomp, Line Pass


You were on level 4 of the Dungeon.
You worshipped Uskayaw.
Uskayaw was noncommittal.
You visited 1 branch of the dungeon, and saw 4 of its levels.

You collected 176 gold pieces.

Inventory:

Hand Weapons
 a - a +0 war axe (weapon)
Missiles
 d - 3 throwing nets
 f - 66 bolts
 h - 46 stones (quivered)
 k - 5 curare-tipped darts
 l - 26 sling bullets
Armour
 b - a +0 leather armour
 c - a +0 hat (worn)
 s - a +0 ring mail (worn)
Scrolls
 e - a scroll of vulnerability {unknown}
 i - a scroll of noise {unknown}
 j - 3 scrolls of enchant weapon {unknown}
 p - a scroll of identify {unknown}
 r - a scroll of teleportation {unknown}
Potions
 g - a potion of heal wounds
 m - 2 potions of curing {unknown}
 n - 2 potions of might {unknown}
 o - a potion of attraction {unknown}
 q - a potion of flight {unknown}


   Skills:
 + Level 5.1 Fighting
 * Level 7.5 Axes
 - Level 2.0 Throwing
 - Level 3.2 Dodging
 + Level 1.3 Invocations


You had 5 spell levels left.
You didn't know any spells.
Your spell library contained the following spells:

 Spells                   Type           Power      Damage    Failure   Level
 Summon Small Mammal      Summ           0%         N/A       67%         1
 Call Imp                 Summ           0%         N/A       82%         2
 Call Canine Familiar     Summ           0%         N/A       96%         3
 Summon Guardian Golem    Hex/Summ       0%         N/A       96%         3
 Summon Ice Beast         Ice/Summ       0%         N/A       100%        4
 Summon Lightning Spire   Summ/Air       0%         N/A       100%        4


Dungeon Overview and Level Annotations

Branches:
Dungeon (4/15)
 Temple: D:4-7

Altars:
Uskayaw
Zin

Shops:
D:1 (


Innate Abilities, Weirdness & Mutations

You have a pair of horns on your head.
You reflexively headbutt those who attack you in melee.


Message History

A steam dragon comes into view.
You start resting.
HP restored.
h - 41 stones (gained 1)
h - 42 stones (gained 1)
h - 43 stones (gained 1)
You now have 176 gold pieces (gained 16).
There is a stone staircase leading down here.
h - 44 stones (gained 1)
h - 45 stones (gained 1)
You see here a stone.
A steam dragon is nearby!
h - 46 stones (gained 1)
The steam dragon hisses angrily.
You hit the steam dragon.
The steam dragon is lightly wounded.
The steam dragon bites you!
The steam dragon claws you but does no damage.
You hit the steam dragon.
The steam dragon is lightly wounded.
The steam dragon bites you but does no damage.
The steam dragon claws you but does no damage.
The steam dragon breathes steam at you. The ball of steam hits you.
You barely miss the steam dragon. You headbutt the steam dragon.
The steam dragon is moderately wounded.
You are engulfed in a cloud of scalding steam.
The steam dragon misses you.
The steam dragon claws you but does no damage.
You can now pass through a line of other dancers.
You closely miss the steam dragon. You headbutt the steam dragon.
The steam dragon is heavily wounded.
You are engulfed in a cloud of scalding steam.
* * * LOW HITPOINT WARNING * * *
The steam dragon bites you.
* * * LOW HITPOINT WARNING * * *
The steam dragon misses you. The steam dragon breathes steam at you.
The ball of steam hits you!!
You die...

..##...###.#.##
#.#.............
#...........!..!
#..........# #..
...........# #.#
#..........# #.#
#..........# #.# #
#.#.....#.>###.###.#####
#.##...##..#..§.@.......
#. ##.###.§..§.§D..!.###
#. #.÷......§.###.#.# ..
##...(##.### .# # ##
#.#....... #
####.#.....###
###....#....##
#...#######.# #.#....#
..#


You could see a steam dragon (catching breath).

Vanquished Creatures
  Sigmund (D:3)
  A water moccasin (D:4)
  A scorpion (D:3)
  4 adders
  3 dart slugs (D:1)
  4 orcs (D:3)
  6 endoplasms
  3 giant cockroaches
  3 goblins
  2 hobgoblins
  4 kobolds
  4 quokkas
  8 ball pythons
  6 bats
  A frilled lizard (D:1)
  4 rats
55 creatures vanquished.

Notes
Turn   | Place    | Note
-------+----------+-------------------------------------------
     0 | D:1      | Gwenloh the Minotaur Gladiator began the quest for the Orb.
     0 | D:1      | Reached XP level 1. HP: 18/18 MP: 0/0
   143 | D:1      | Reached skill level 4 in Axes
   189 | D:1      | Reached XP level 2. HP: 25/25 MP: 1/1
   398 | D:1      | Found Wimatin's Antique Weapon Boutique.
   604 | D:1      | Found a faded altar of an unknown god.
   845 | D:2      | Reached XP level 3. HP: 31/31 MP: 2/2
  1102 | D:2      | Reached skill level 5 in Axes
  1363 | D:3      | Found a glowing silver altar of Zin.
  1579 | D:3      | Reached XP level 4. HP: 38/38 MP: 3/3
  1732 | D:3      | Noticed Sigmund
  1979 | D:3      | Killed Sigmund
  1980 | D:3      | Reached skill level 6 in Axes
  1980 | D:3      | Reached XP level 5. HP: 47/47 MP: 4/4
  2112 | D:3      | Found a hide-covered altar of Uskayaw.
  2116 | D:3      | Became a worshipper of Uskayaw the Reveller
  2152 | D:3      | Reached * piety under Uskayaw
  2154 | D:3      | Reached skill level 7 in Axes
  2154 | D:3      | Reached XP level 6. HP: 55/55 MP: 1/5
  2442 | D:4      | Noticed a water moccasin
  2446 | D:4      | Reached ** piety under Uskayaw
  2453 | D:4      | Killed a water moccasin
  2454 | D:4      | Reached skill level 5 in Fighting
  2454 | D:4      | Reached skill level 1 in Invocations
  2528 | D:4      | Noticed a steam dragon
  2744 | D:4      | Killed from afar by a steam dragon

Illustrated notes

Levels and vault maps discovered:
D:1:      mushboom_english_gardens, layout_basic, serial_shops, shop,
          dilly_ecumenical_altar_fadedgnrine, minmay_tromino_i2
D:2:      layout_basic
D:3:      layout_rooms, amcnicky_altar_gilded, eat_drink_and_be_merry_uskayaw,
          uniq_sigmund
D:4:      layout_loops_ring, nicolae_overflow_hidden_temple, uniq_ijyb

Skill      XL: |  1  2  3  4  5  6 |
---------------+-------------------+-----
Axes           | 4 5 6 7 |  7.5
Fighting       | 3 4 5 |  5.1
Invocations    | 1 |  1.3
Throwing       | |  2.0
Dodging        | |  3.2

Action                   |  1- 3 |  4- 6 || total
-------------------------+-------+-------++-------
Melee: War axe           |    73 |    31 ||   104
       Headbutt          |    11 |     7 ||    18
Throw: Stone             |    43 |    29 ||    72
       Dart              |       |     4 ||     4
Invok: Stomp             |       |     3 ||     3
  Use: Potion            |       |     1 ||     1
Armor: Leather armour    |    27 |     3 ||    30
       Ring mail         |       |     8 ||     8
Dodge: Dodged            |    45 |    17 ||    62

Table legend: (Time is in decaauts)
 A = Elapsed time spent in this place.
 B = Non-inter-level travel time spent in this place.
 C = Inter-level travel time spent in this place.
 D = Time resting spent in this place.
 E = Time spent auto-exploring this place.
 F = Levels seen in this place.
 G = Mean time per level.
                   A        B        C        D        E       F      G
               +--------+--------+--------+--------+--------+-----+--------+
         Total |   2769 |   2657 |    112 |    601 |   1587 |   4 |  692.2 |
       Dungeon |   2769 |   2657 |    112 |    601 |   1587 |   4 |  692.2 |
               +--------+--------+--------+--------+--------+-----+--------+

Top non-repeatable levels by time:
     D:1: 796 daAuts
     D:3: 792 daAuts
     D:2: 730 daAuts
     D:4: 450 daAuts
